 Dungeon Crawl Stone Soup version 0.22-a0-348-gd16d1391c7 (webtiles) character file.

2200 RKaid the Grappler (level 9, -3/77 (79) HPs)
             Began as a Ghoul Warper on Apr 6, 2018.
             Was a Follower of Ashenzari.
             Slain by an orc warrior
             ... wielding a cursed +0 trident
              (14 damage)
             ... on level 6 of the Dungeon on Apr 10, 2018.
             The game lasted 00:22:25 (7638 turns).

RKaid the Grappler (Ghoul Warper)                   Turns: 7638, Time: 00:22:25

HP:   -3/77 (79)    AC:  7    Str: 16    XL:     9   Next: 34%
MP:   17/19         EV: 11    Int: 10    God:    Ashenzari [*.....]
Gold: 240           SH:  0    Dex:  8    Spells: 7/11 levels left

rFire    + . .     SeeInvis .     - Unarmed
rCold    + . .     Gourm    .   (no shield)
rNeg     + + +     Faith    .   v - +2 ring mail {rF+}
rPois    ∞         Spirit   .   (no helmet)
rElec    .         Reflect  .   (no cloak)
rCorr    .         Harm     .   (no gloves)
MR       .....                  (no boots)
Stlth    +.........             (no amulet)
HPRegen  0.00/turn              e - ring of stealth (curse) {Stlth+}
MPRegen  0.16/turn              k - ring of magical power {MP+9}

@: shrouded, very slightly contaminated, rotting
A: rotting body, claws 1, carnivore, cold resistance 1, negative energy
resistance 3, inhibited regeneration, torment resistance, unbreathing
a: Curse Item, Scrying, Renounce Religion


You were on level 6 of the Dungeon.
You worshipped Ashenzari.
Ashenzari was aware of your devotion.
You were not hungry.

You visited 1 branch of the dungeon, and saw 6 of its levels.

You collected 240 gold pieces.

Inventory:

Missiles
 d - 5 tomahawks of dispersal {=f}
Armour
 m - a +1 robe of magic resistance
   (You took it off Blork the orc on level 4 of the Dungeon)
 n - a +0 pair of gloves
   (You found it on level 3 of the Dungeon)
 s - a +2 leather armour of cold resistance
   (You took it off an orc on level 4 of the Dungeon)
 v - a +2 ring mail of fire resistance (worn)
   (You took it off a gnoll sergeant on level 5 of the Dungeon)
Jewellery
 e - a cursed ring of stealth (left claw) {Stlth+}
   (You found it on level 1 of the Dungeon)
 k - a ring of magical power (right claw) {MP+9}
   (You found it on level 2 of the Dungeon)
Scrolls
 b - 6 scrolls of remove curse
 g - a scroll of fog
 l - 4 scrolls of blinking {!r}
 p - a scroll of fear
 t - a scroll of teleportation
Potions
 c - 3 potions of curing
 j - a potion of haste
 o - a potion of brilliance
 r - 2 potions of flight
Comestibles
 f - 8 rations


   Skills:
 + Level 7.6 Fighting
 - Level 0.8 Throwing
 - Level 0.8 Armour
 - Level 1.7 Dodging
 + Level 9.8 Unarmed Combat
 - Level 1.7 Spellcasting
 + Level 2.9 Charms
 + Level 4.1 Translocations


You had 7 spell levels left.
You knew the following spells:

 Your Spells              Type           Power        Failure   Level  Hunger
A - Shroud of Golubria    Chrm/Tloc      #.........   22%         2    ###....
B - Blink                 Tloc           N/A          17%         2    ###....


Dungeon Overview and Level Annotations

Branches:
Dungeon (6/15)             Temple (0/1) D:4

Altars:
Ashenzari
Fedhas
Nemelex Xobeh
Xom

Annotations:
D:2 exclusion: Terence, Terence
D:3 dcsswall's ghost, amateur BaIE
D:6 Dowan


Innate Abilities, Weirdness & Mutations

Your body is rotting away.
You thrive on raw meat.
You are immune to poison.
You have sharp fingernails.
You are carnivorous and can eat meat at any time.
Your flesh is cold resistant. (rC+)
You are immune to negative energy. (rN+++)
You do not regenerate when monsters are visible.
You are immune to unholy pain and torment.
You can survive without breathing.


Message History

an uncursed leather armour; an uncursed rapier of draining; a potion of curing
There is an open door here.
There is an open door here.
c - 3 potions of curing (gained 1)
Things that are here:
an uncursed leather armour; an uncursed rapier of draining
There is an open door here.
Casting: Shroud of Golubria (safe; 22% risk of failure)
Confirm with . or Enter, or press ? or * to list all spells.
You miscast Shroud of Golubria.
You are very lightly contaminated with residual magic.
Nothing appears to happen.
Dowan shouts!
Dowan casts a spell.
Dowan blinks!
Casting: Shroud of Golubria (safe; 22% risk of failure)
Confirm with . or Enter, or press ? or * to list all spells.
Space distorts slightly along a thin shroud covering your body.
You closely miss Dowan.
Your shroud bends Dowan's attack away.
You barely miss Dowan.
Dowan mumbles some strange words.
Dowan seems to speed up.
You barely miss Dowan. Dowan hits you but does no damage.
You barely miss Dowan. Dowan barely misses you.
You scratch Dowan. Dowan closely misses you.
You scratch Dowan.
Dowan hits you with an enchanted dagger.
Dowan closely misses you.
You barely miss Dowan.
Your shroud bends Dowan's attack away.
You closely miss Dowan.
Dowan casts a spell.
Dowan blinks!
The orc warrior shouts!
Dowan shakes with grief.
There is an open door here.
Dowan barely misses you.
You barely miss Dowan.
Dowan points at you and mumbles some strange words.
The shard of ice hits you! Dowan casts a spell at you.
The stone arrow hits you!
You miss Dowan.
Your shroud begins to fray at the edges.
Dowan barely misses you.
You scratch Dowan. Your claw misses Dowan.
Dowan says, "How can I live without her?"
Dowan misses you.
The orc warrior hits you from afar with a trident!
Your shroud falls apart!
Unknown command.
You barely miss Dowan. Dowan hits you but does no damage.
You closely miss Dowan. Dowan hits you but does no damage.
The orc warrior hits you but does no damage.
You closely miss Dowan. Your claw misses Dowan.
Dowan hits you with an enchanted dagger.
The orc warrior hits you from afar with a trident.
Dowan closely misses you.
You closely miss Dowan. Your claw misses Dowan. Dowan closely misses you.
The orc warrior hits you from afar with a trident!
You scratch Dowan. Dowan closely misses you.
You scratch Dowan.
Dowan mumbles some strange words.
Dowan blinks!
The orc warrior misses you.
Your magical contamination has completely faded away.
Dowan points at you and mumbles some strange words.
The stone arrow hits you!
* * * LOW HITPOINT WARNING * * *
There is an open door here.
Dowan casts a spell.
Dowan blinks!
Dowan gestures at you while chanting. The shard of ice misses you.
Dowan gestures at you while chanting. The stone arrow misses you.
Really read
l - 5 scrolls of blinking {!r}?
Blink to where?
Press: ? - help, Dir - move target cursor You are very lightly contaminated with residual magic.
As you read the scroll of blinking {!r}, it crumbles to dust.
You close the door.
Dowan opens the door.
Quiver which item? (- for none, * to show all) (? for menu, Esc to quit)
Quivering
q - a throwing net {=f} for throwing.
Throwing (i - inventory. (/) - cycle)
q - a throwing net (quivered)
{=f}
Press: ? - help, Shift-Dir - straight line, f - Dowan
Aim: Dowan, wielding an enchanted dagger and wearing a robe (almost dead, fast)
You throw a throwing net {=f}. The throwing net {=f} hits Dowan.
Dowan is caught in the net!
Dowan struggles against the net.
Casting: Shroud of Golubria (safe; 22% risk of failure)
Confirm with . or Enter, or press ? or * to list all spells.
Space distorts slightly along a thin shroud covering your body.
Dowan struggles against the net.
Dowan casts a spell at you. The shard of ice hits you! You partially resist.
* * * LOW HITPOINT WARNING * * *
Dowan struggles against the net.
Dowan struggles against the net. x2
The net rips apart, and Dowan comes free!
The orc warrior hits you from afar with a trident!
You die...

..##<# ###....#.######.####.#
..##.# #......# #.# .....#
##...### #.# ..#..# ##.## ##'##
..#..# ###.# ##...## ..#..#
#...# ##.....## .....# #.#.##
##.......##
.##.#######....####.........###
................@eo.........'..
.##.####.##....####.........###
###.# #.##.#..# ##.......## #
#.# #.##.##.# ##§....## #.#
#.##.##.# ##o..## #.# #.##.##.#
##'## ###.## #.......# #.#
.....# ####.#### #.# .....#
..... #.#


You could see an orc warrior and Dowan.

Vanquished Creatures
  The ghost of Stone the Insei, a novice OpTm of Uskayaw (D:6)
  Grinder (D:4)
  Duvessa (D:6)
  2 phantoms
  A centaur (D:5)
  An ice beast (D:6)
  An ogre (D:6)
  Blork the orc (D:4)
  A gnoll sergeant (D:5)
  2 scorpions
  A howler monkey (D:4)
  7 crimson imps
  2 orc priests (D:3)
  3 hounds
  A jelly (D:6)
  2 orc wizards
  2 centaur skeletons
  2 iguanas (D:5)
  A worker ant (D:6)
  4 gnolls
  9 adders
  2 shadow imps (D:6)
  3 oozes
  2 adder zombies
  5 worms
  2 dart slugs
  3 leopard geckos
  15 orcs
  3 ball pythons
  4 giant cockroaches
  A hobgoblin (D:2)
  6 jackals
  3 kobolds (D:3)
  A quokka (D:3)
  7 bats
  2 frilled lizards
  6 goblins
  A jackal zombie (D:6)
  A quokka skeleton (D:5)
  11 rats
124 creatures vanquished.

Vanquished Creatures (others)
  A plant (D:2)
1 creature vanquished.

Grand Total: 125 creatures vanquished

Notes
Turn   | Place    | Note
-------+----------+-------------------------------------------
     0 | D:1      | RKaid the Ghoul Warper began the quest for the Orb.
     0 | D:1      | Reached XP level 1. HP: 17/17 MP: 2/2
   243 | D:1      | Found a shattered altar of Ashenzari.
   914 | D:1      | Became a worshipper of Ashenzari the Shackled
   958 | D:2      | Noticed Terence
  1092 | D:2      | Reached XP level 2. HP: 22/25 MP: 3/3
  1148 | D:1      | Reached skill level 3 in Unarmed Combat
  1313 | D:2      | Reached XP level 3. HP: 17/30 MP: 4/4
  1450 | D:2      | Reached skill level 3 in Fighting
  2046 | D:3      | Reached skill level 4 in Unarmed Combat
  2046 | D:3      | Reached XP level 4. HP: 32/38 MP: 5/5
  2067 | D:3      | Noticed dcsswall's ghost (amateur BaIE)
  2275 | D:2      | Learned a level 2 spell: Blink
  2278 | D:2      | Learned a level 2 spell: Shroud of Golubria
  2720 | D:3      | Reached XP level 5. HP: 15/46 MP: 6/6
  2722 | D:3      | HP: 11/46 [orc (2)]
  3013 | D:2      | Upgraded the game from 0.22-a0-346-ga7143740d5 to 0.22-a0-348-gd16d1391c7
  3131 | D:3      | Reached skill level 5 in Unarmed Combat
  3148 | D:3      | Reached skill level 4 in Fighting
  3238 | D:3      | Reached XP level 6. HP: 43/52 MP: 7/7
  3830 | D:4      | Found a staircase to the Ecumenical Temple.
  3832 | D:4      | Noticed Grinder
  3993 | D:4      | Reached skill level 6 in Unarmed Combat
  4201 | D:4      | Paralysed by Grinder for 3 turns
  4206 | D:4      | Paralysed by Grinder for 2 turns
  4218 | D:4      | Killed Grinder
  4218 | D:4      | Reached skill level 5 in Fighting
  4218 | D:4      | Reached XP level 7. HP: 17/60 MP: 8/8
  4219 | D:4      | HP: 7/60 [worm (10)]
  4605 | D:4      | Reached skill level 7 in Unarmed Combat
  4675 | D:4      | Noticed Blork the orc
  4720 | D:4      | Killed Blork the orc
  4823 | D:4      | Found a shimmering altar of Xom.
  4836 | D:4      | Reached skill level 8 in Unarmed Combat
  4917 | D:4      | Reached XP level 8. HP: 64/70 MP: 9/9
  5008 | D:5      | Entered Level 5 of the Dungeon
  5015 | D:5      | Reached skill level 6 in Fighting
  5496 | D:5      | Found a blossoming altar of Fedhas.
  5569 | D:5      | Reached * piety under Ashenzari
  5993 | D:6      | Reached skill level 9 in Unarmed Combat
  6403 | D:6      | Reached skill level 1 in Charms
  6403 | D:6      | Reached skill level 3 in Translocations
  6489 | D:6      | Got the uncursed scale mail of Knowledge {*Drain +Fly Dex+3}
  6651 | D:6      | Found a sparkling altar of Nemelex Xobeh.
  6725 | D:6      | Noticed Stone's ghost (novice OpTm)
  6780 | D:6      | Reached skill level 7 in Fighting
  6822 | D:6      | Noticed Duvessa
  6823 | D:6      | Noticed Dowan
  6833 | D:6      | Killed Duvessa
  6833 | D:6      | Reached skill level 2 in Charms
  6833 | D:6      | Reached XP level 9. HP: 79/79 MP: 10/10
  6857 | D:6      | HP: 9/79 [ogre/giant club (13)]
  7441 | D:6      | Killed Stone's ghost
  7441 | D:6      | Reached skill level 4 in Translocations
  7636 | D:6      | HP: 11/77 [Dowan/shard of ice (13)]
  7638 | D:6      | Slain by an orc warrior

Vault maps used:
D:1:      dpeg_arrival_rooms_b, nicolae_ashenzari_panopticon
D:2:      first_ration, serial_forest, infiniplex_forest_straight_4,
          infiniplex_forest_clump_small, infiniplex_forest_clump_diagonal,
          infiniplex_forest_end_2, infiniplex_forest_zigzag_2,
          infiniplex_forest_end_3, infiniplex_forest_straight_3,
          infiniplex_forest_clump_cross, infiniplex_forest_straight_4,
          uniq_terence
D:4:      minmay_temple_entry_trees, led_xom_imps, uniq_grinder,
          uniq_blork_the_orc
D:5:      minmay_misc_feat_rows, fedhas_altar_fruit_tree
D:6:      nemelex_xobeh_ov_fountains_minmay, uniq_duvessa

Skill      XL: |  1  2  3  4  5  6  7  8  9 |
---------------+----------------------------+-----
Unarmed Combat | 3 4 5 6 8 9 |  9.8
Fighting       | 3 4 5 7 |  7.6
Charms         | 2 |  2.9
Translocations | 3 4 |  4.1
Throwing       | |  0.8
Armour         | |  0.8
Dodging        | |  1.7
Spellcasting   | |  1.7

Action                   |  1- 3 |  4- 6 |  7- 9 || total
-------------------------+-------+-------+-------++-------
Melee: Unarmed           |   102 |   162 |   282 ||   546
       Punch             |       |     1 |     7 ||     8
Throw: Throwing net      |       |       |     1 ||     1
 Cast: Shroud of Golubri |       |     9 |    15 ||    24
  Use: Scroll            |       |       |    12 ||    12
       Potion            |       |       |     1 ||     1
 Stab: Sleeping          |     3 |     3 |     3 ||     9
  Eat: Chunk             |    18 |    19 |    39 ||    76
Armor: Leather armour    |    29 |    34 |    22 ||    85
       Ring mail         |       |       |    36 ||    36
Dodge: Dodged            |    42 |    80 |   125 ||   247

Table legend:
 A = Spawn XP
 B = Non-spawn XP
 C = Spawn XP percentage of total XP
 D = Spawn monster count
 E = Non-spawn monster count
 F = Spawn count percentage of total count
 G = Total turns spent on level
                    A         B        C        D         E        F      G
               +---------+---------+-------+---------+---------+-------+---------
         Total |       0 |    3144 |   0.0 |       0 |     124 |   0.0 |  7638
               +---------+---------+-------+---------+---------+-------+---------
           D:1 |       0 |      20 |   0.0 |       0 |       8 |   0.0 |  1377
           D:2 |       0 |      56 |   0.0 |       0 |      19 |   0.0 |  1371
           D:3 |       0 |     263 |   0.0 |       0 |      36 |   0.0 |  1409
           D:4 |       0 |     906 |   0.0 |       0 |      22 |   0.0 |   859
           D:5 |       0 |     352 |   0.0 |       0 |      10 |   0.0 |  1384
           D:6 |       0 |    1547 |   0.0 |       0 |      29 |   0.0 |  1238
               +---------+---------+-------+---------+---------+-------+---------

Table legend:
 A = Turns spent in this place as a percentage of turns spent in the entire game.
 B = Non-inter-level travel turns spent in this place as a percentage of non-inter-level travel turns spent in the entire game.
 C = Inter-level travel turns spent in this place as a percentage of turns spent in this place.
 D = Turns resting spent in this place as a percentage of non-inter-level travel turns spent in this place.
 E = Turns spent auto-exploring this place as a percentage of non-inter-level travel turns spent in this place.
 F = Non-inter-level travel turns spent in this place divided by the number of levels of this place that you've seen.
                   A       B       C       D       E      F
               +-------+-------+-------+-------+-------+----------------------
         Total | 100.0 | 100.0 |   7.0 |  28.9 |  43.9 | 1183.8
       Dungeon | 100.0 | 100.0 |   7.0 |  28.9 |  43.9 | 1183.8
               +-------+-------+-------+-------+-------+----------------------

Table legend:
 A = Kills in this place as a percentage of kills in entire the game.
 B = Kills by you in this place as a percentage of kills by you in the entire game.
 C = Kills by friends in this place as a percentage of kills by friends in the entire game.
 D = Other kills in this place as a percentage of other kills in the entire game.
 E = Experience gained in this place as a percentage of experience gained in the entire game.
 F = Experience gained in this place divided by the number of levels of this place that you have seen.
                   A       B       C       D       E      F
               +-------+-------+-------+-------+-------+----------------------
         Total | 100.0 | 100.0 |   N/A |   N/A | 100.0 | 524.0
       Dungeon | 100.0 | 100.0 |   N/A |   N/A | 100.0 | 524.0
               +-------+-------+-------+-------+-------+----------------------
